cohdb
Replays
Latest Replays
All Replays
Popular Replays
Top Player Replays
Match Explorer
How It Works
Community
CoH3 Stats
Reddit
Sign in to upload your games and track your stats! →
Sign in with Steam
Match 36845984
Unlisted
Match 36845984
Overview
Messages
Build Orders
End
Selects Italian Combined Arms Battlegroup
Selects Bersaglieri Squad
Bersaglieri Squad
Panzerpioneer Squad
Bersaglieri Squad
Construct Light Support Kompanie
MG34 Team
Fire Support Elements
Bersaglieri Squad
2.5-tonne Medical Truck
Selects Bersaglieri Bolster
Pak 38 Mechanized Group
Selects Breda Model 30 Light Machine Guns
Bersaglieri Squad
Construct Panzerarmee Kommand
Walking Stuka Rocket Launcher
Pak 38 Mechanized Group
Combat Half-tracks
Selects Semovente da 75/18 Assault Gun
Selects Strafing Run
Selects Artillery Cover
Flak 36 Anti-tank Gun Team
Tungsten Core Ammunition
Strafing Run
Armored Reserves
Strafing Run
UH|dun! ツ
UH|XTC
Staufer
Drink||Belzebuth
BadNewsBeavers
Saito
0
0
Comments
sign in to comment!
No comments posted yet!